 Dungeon Crawl Stone Soup version 0.22.0-36-g8e74550d25 (webtiles) character file.

14877 Erymatos the Protected (level 11, -9/103 (104) HPs)
             Began as a Minotaur Berserker on Aug 25, 2018.
             Was an Elder of Trog.
             Mangled by a komodo dragon (17 damage)
             ... on level 1 of the Lair of Beasts.
             The game lasted 00:41:16 (11194 turns).

Erymatos the Protected (Minotaur Berserker)        Turns: 11194, Time: 00:41:17

HP:   -9/103 (104)  AC: 14    Str: 25    XL:     11   Next: 94%
MP:   10/10         EV: 15    Int:  4    God:    Trog [****..]
Gold: 772           SH:  6    Dex: 10    Spells: 10/10 levels left

rFire    + . .     SeeInvis +   s - +9 rapier "Acionaef" {pierce, *Noise Fragile rElec SInv}
rCold    . . .     Gourm    .   w - +0 buckler
rNeg     . . .     Faith    .   E - +2 scale mail {rF+}
rPois    .         Spirit   .   (helmet restricted)
rElec    +         Reflect  +   (no cloak)
rCorr    +         Harm     .   g - +0 pair of gloves
MR       .....                  n - +0 pair of boots
Stlth    ..........             z - +2 amulet of reflection
HPRegen  0.27/turn              M - +1 ring of evasion
MPRegen  0.12/turn              e - ring of resist corrosion

@: berserk cooldown, slowed, very slow
A: retaliatory headbutt, horns 2
a: Berserk, Trog's Hand, Brothers in Arms, Renounce Religion


You were on level 1 of the Lair of Beasts.
You worshipped Trog.
Trog was greatly pleased with you.
You were not hungry.

You visited 2 branches of the dungeon, and saw 13 of its levels.

You collected 772 gold pieces.

Inventory:

Hand Weapons
 s - the +9 rapier "Acionaef" (weapon) {pierce, *Noise Fragile rElec SInv}
   (You found it on level 6 of the Dungeon)

   It inflicts extra damage upon your enemies.
   It insulates you from electricity.
   It lets you see invisible.
   It may make noises in combat.
   It will be destroyed if unequipped.
 v - a +0 flail of crushing
Armour
 g - a +0 pair of gloves (worn)
 n - a +0 pair of boots (worn)
 w - a +0 buckler (worn)
 E - a +2 scale mail of fire resistance (worn)
Jewellery
 e - a ring of resist corrosion (right hand)
 t - an uncursed ring of see invisible
 z - a +2 amulet of reflection (around neck)
 M - a +1 ring of evasion (left hand)
Wands
 a - a wand of enslavement (11)
 f - a wand of paralysis (20)
 H - a wand of digging (17)
Scrolls
 j - 4 scrolls of teleportation
 m - 4 scrolls of remove curse
 o - 3 scrolls of enchant weapon
 p - 3 scrolls of fear
 r - 3 scrolls of blinking
 y - a scroll of vulnerability
 A - a scroll of magic mapping {unknown}
 G - 3 scrolls of enchant armour
 I - 2 scrolls of random uselessness
 L - a scroll of summoning
Potions
 b - a potion of experience
 d - 2 potions of resistance
 h - 3 potions of curing
 i - a potion of ambrosia
 k - 9 potions of heal wounds {unknown}
 l - a potion of agility {unknown}
 q - 3 potions of mutation {unknown}
 u - a potion of brilliance {unknown}
 x - 2 potions of lignification {unknown}
 B - a potion of degeneration {unknown}
 C - a potion of flight {unknown}
 D - a potion of might {unknown}
 J - a potion of invisibility {unknown}
Comestibles
 c - 15 rations


   Skills:
 + Level 12.2 Fighting
 - Level 1.5 Short Blades
   Level 11.0 Axes
 + Level 12.7 Armour
 + Level 9.9 Dodging
 - Level 0.4 Stealth
 + Level 2.9 Shields


You had 10 spell levels left.
You didn't know any spells.
Your spell library was empty.

Dungeon Overview and Level Annotations

Branches:
Dungeon (12/15)            Temple (0/1) D:5            Lair (1/6) D:11
    Orc (0/2) D:11

Altars:
Dithmenos
Fedhas
Kikubaaqudgha
Yredelemnul
Zin


Innate Abilities, Weirdness & Mutations

You reflexively headbutt those who attack you in melee.
You have a pair of horns on your head.


Message History

You kill the blink frog!
Trog accepts your kill. The blink frog barely misses you.
Unknown command.
You fail to use your ability.
The blink frog hits you but does no damage.
The blink frog closely misses you. x2; The blink frog misses you.
The komodo dragon bites you!
* * * LOW HITPOINT WARNING * * *
Unknown command.
The blink frog blinks!
The blink frog hits you!
* * * LOW HITPOINT WARNING * * *
The blink frog blinks!
The komodo dragon hisses menacingly.
The komodo dragon bites you!
* * * LOW HITPOINT WARNING * * *
You fail to use your ability.
The blink frog blinks!
The komodo dragon closely misses you.
The blink frog blinks!
The komodo dragon bites you!
You die...

##.# #...../.... ). #..#
............. ##..#####
............
#........###.....##.# ##........P
#....P#..#### #.........#
#...........## #
##........###............#.#
#..........###§..>..........
#######.........@l..........†....
.................F..#.###.##.....
#.##................### #.......#
###P........####§# #########
#####.##### ### ###


You could see a komodo dragon and a blink frog.

Vanquished Creatures
  2 hydras
  A two-headed ogre (D:6)
  2 unseen horrors
  A manticore (D:12)
  An ugly thing (D:12)
  A komodo dragon (Lair:1)
  A slime creature (D:12)
  Grinder (D:6)
  A troll (D:11)
  2 hippogriffs (D:10)
  A blink frog (Lair:1)
  Sigmund (D:3)
  6 yaks (D:9)
  2 hungry ghosts
  Edmund (D:6)
  2 water moccasins
  Duvessa (D:7)
  4 sky beasts
  3 orc warriors
  An ice beast (D:5)
  9 ogres
  A black bear (D:10)
  A necrophage (D:11)
  2 phantoms
  A centaur (D:8)
  A crocodile (Lair:1)
  2 big kobolds
  11 bullfrogs
  A water moccasin zombie (D:11)
  3 gnoll sergeants (D:11)
  4 scorpions
  Dowan (D:7)
  5 killer bees (D:10)
  3 howler monkeys
  9 wights
  2 lava snakes (D:12)
  4 crimson imps
  3 centaur zombies
  A bullfrog zombie (D:5)
  4 jellies
  15 orc wizards
  3 hounds
  An orc priest (D:10)
  3 bullfrog skeletons
  2 centaur skeletons
  3 iguanas
  8 worker ants
  A hound zombie (D:5)
  4 gnolls
  8 adders
  4 shadow imps
  5 oozes (D:12)
  An adder skeleton (D:6)
  4 worms
  3 dart slugs
  10 leopard geckos
  14 orcs
  3 giant cockroaches
  8 goblins
  10 hobgoblins
  10 jackals
  7 quokkas
  12 bats
  10 frilled lizards
  18 kobolds
  A leopard gecko skeleton (D:4)
  A quokka zombie (D:7)
  6 rats
  A plant (D:1)
279 creatures vanquished.

Vanquished Creatures (collateral kills)
  A two-headed ogre (D:10)
  A manticore (D:10)
  An ugly thing (D:12)
  A centaur skeleton (D:12)
  A troll (D:11)
  3 wargs (D:11)
  2 water moccasins
  A phantom (D:11)
  An ice beast (D:11)
  An ogre (D:11)
  2 centaurs (D:10)
  2 big kobolds (D:11)
  2 gnoll sergeants (D:11)
  A scorpion (D:10)
  A crimson imp (D:11)
  A quasit (D:11)
  An iguana (D:10)
  2 gnolls (D:11)
  An adder (D:12)
  A shadow imp (D:11)
  3 orcs (D:11)
  4 kobolds
34 creatures vanquished.

Vanquished Creatures (others)
  A plant (D:11)
1 creature vanquished.

Grand Total: 314 creatures vanquished

Notes
Turn   | Place    | Note
-------+----------+-------------------------------------------
     0 | D:1      | Erymatos the Minotaur Berserker began the quest for the Orb.
     0 | D:1      | Reached XP level 1. HP: 19/19 MP: 0/0
   236 | D:1      | Reached XP level 2. HP: 27/27 MP: 1/1
   673 | D:1      | Reached XP level 3. HP: 28/33 MP: 2/2
   839 | D:1      | Reached ** piety under Trog
  1936 | D:2      | Reached XP level 4. HP: 37/41 MP: 3/3
  2078 | D:3      | Noticed Sigmund
  2088 | D:3      | Killed Sigmund
  2088 | D:3      | Reached skill level 5 in Fighting
  2088 | D:3      | Reached XP level 5. HP: 48/48 MP: 4/4
  2113 | D:3      | Reached XP level 6. HP: 17/56 MP: 5/5
  2662 | D:3      | Reached *** piety under Trog
  3068 | D:4      | Reached XP level 7. HP: 47/62 MP: 6/6
  3423 | D:5      | Entered Level 5 of the Dungeon
  3435 | D:5      | Found a glowing silver altar of Zin.
  3464 | D:5      | Reached skill level 5 in Dodging
  3522 | D:5      | Reached XP level 8. HP: 30/71 MP: 7/7
  4319 | D:5      | Found a staircase to the Ecumenical Temple.
  4690 | D:6      | Got a pitted rapier
  4731 | D:6      | Noticed Edmund
  4737 | D:6      | Noticed Grinder
  4744 | D:6      | Killed Edmund
  4753 | D:6      | Killed Grinder
  4753 | D:6      | Reached skill level 10 in Axes
  4753 | D:6      | Reached **** piety under Trog
  4951 | D:6      | Identified the +9 rapier "Acionaef" {pierce, *Noise Fragile rElec SInv} (You found it on level 6 of the Dungeon)
  4987 | D:6      | Reached XP level 9. HP: 64/80 MP: 8/8
  5131 | D:6      | Found a blossoming altar of Fedhas.
  5131 | D:6      | Found an ancient bone altar of Kikubaaqudgha.
  5132 | D:6      | Noticed a two-headed ogre
  5139 | D:6      | Killed a two-headed ogre
  5139 | D:6      | Reached skill level 1 in Short Blades
  5139 | D:6      | Reached skill level 5 in Armour
  6078 | D:7      | Noticed Dowan
  6079 | D:7      | Noticed Duvessa
  6084 | D:7      | Killed Dowan
  6094 | D:7      | Killed Duvessa
  6170 | D:7      | Got a brightly glowing ring mail
  6181 | D:7      | Identified the cursed +1 ring mail of Zeggeish {rC+} (You found it on level 7 of the Dungeon)
  6503 | D:7      | Found a basalt altar of Yredelemnul.
  7654 | D:9      | Reached XP level 10. HP: 90/91 MP: 9/9
  7840 | D:9      | Got a brightly glowing chain mail
  7851 | D:9      | Identified the cursed +0 chain mail of Bisoh {rC+} (You found it on level 9 of the Dungeon)
  8009 | D:9      | Reached ***** piety under Trog
  8283 | D:9      | Found a shadowy altar of Dithmenos.
  8304 | D:10     | Entered Level 10 of the Dungeon
  8304 | D:10     | Noticed a manticore
  8313 | D:10     | Killed a manticore
  8315 | D:10     | Reached skill level 10 in Fighting
  8536 | D:10     | Noticed a two-headed ogre
  8543 | D:10     | Killed a two-headed ogre
  8543 | D:10     | Reached skill level 10 in Armour
  8932 | D:11     | Reached XP level 11. HP: 97/101 MP: 10/10
  8938 | D:11     | Noticed an unseen horror
  8962 | D:11     | Killed an unseen horror
  9001 | D:11     | Received a gift from Trog
  9522 | D:11     | Found a staircase to the Lair.
  9563 | D:11     | Found a staircase to the Orcish Mines.
  9633 | D:11     | Noticed a seven-headed hydra
  9643 | D:11     | Killed a seven-headed hydra
 10042 | D:12     | Noticed a cyan ugly thing
 10050 | D:12     | Killed a cyan ugly thing
 10050 | D:12     | Reached skill level 1 in Shields
 10663 | D:12     | Got a topaz-encrusted leather armour
 10674 | D:12     | Identified the +1 leather armour "Qerphopra" {MR- MP+9 Int+4 Stlth+} (You found it on level 12 of the Dungeon)
 10710 | D:12     | Noticed an unseen horror
 10726 | D:12     | Killed an unseen horror
 10771 | D:12     | Noticed a red ugly thing
 10777 | D:12     | Killed a red ugly thing
 11022 | Lair:1   | Entered Level 1 of the Lair of Beasts
 11030 | Lair:1   | Noticed a five-headed hydra
 11036 | Lair:1   | Killed a five-headed hydra
 11194 | Lair:1   | Mangled by a komodo dragon

Skill      XL: |  1  2  3  4  5  6  7  8  9 10 11 |
---------------+----------------------------------+-----
Fighting       | 4 5 6 7 9 10 12 | 12.2
Axes           | 4 6 7 8 10 11 | 11.0
Dodging        | 3 4 5 6 7 8 9 |  9.9
Armour         | 3 4 7 10 12 | 12.7
Short Blades   | 1 |  1.5
Shields        | 2 |  2.9
Stealth        | |  0.4

Action                   |  1- 3 |  4- 6 |  7- 9 | 10-12 || total
-------------------------+-------+-------+-------+-------++-------
Melee: Hand axe          |   137 |    92 |   141 |       ||   370
       Headbutt          |    17 |    17 |    57 |    65 ||   156
       Rapier            |       |       |    86 |   256 ||   342
Invok: Berserk           |     1 |     2 |     8 |     8 ||    19
       Trog's Hand       |       |       |     2 |     6 ||     8
       Brothers in Arms  |       |       |       |     6 ||     6
  Use: Scroll            |       |       |     3 |    15 ||    18
       Potion            |       |       |     1 |       ||     1
 Stab: Sleeping          |     2 |       |       |       ||     2
       Distracted        |       |       |       |     2 ||     2
  Eat: Chunk             |     4 |     4 |     6 |     7 ||    21
       Ration            |       |       |     6 |     5 ||    11
Armor: Animal skin       |    36 |    14 |       |       ||    50
       Leather armour    |       |     7 |    37 |       ||    44
       Ring mail         |       |       |    19 |       ||    19
       Scale mail        |       |       |    14 |   148 ||   162
Dodge: Dodged            |    92 |    62 |   151 |   273 ||   578
Block: Other             |       |       |     1 |    17 ||    18
       Buckler           |       |       |       |    40 ||    40
       Reflection        |       |       |       |     3 ||     3
